[Event "*** SCC Grand Prix: Titled Tuesday Blitz"]
[Site "Chess.com"]
[Date "2020.09.08"]
[Round "6"]
[White "Hypercar"]
[Black "uthoang"]
[Result "1/2-1/2"]
[WhiteElo "2410"]
[BlackElo "2270"]
[TimeControl "180+1"]
[EndTime "11:10:22 PDT"]
[Termination "Game drawn by 50-move rule"]

1. d4 Nf6 2. Nf3 e6 3. g3 b6 4. Bg2 Bb7 5. O-O Be7 6. c3 O-O 7. Bf4 c5 8. Nbd2 Nc6 9. Ne5 Rc8 10. Qa4 a5 11. Rfd1 d5 12. e4 Nxe5 13. dxe5 Bc6 14. Qb3 c4 15. Qc2 Nh5 16. exd5 exd5 17. Nxc4 Nxf4 18. gxf4 Bc5 19. Ne3 Qh4 20. Qf5 Rcd8 21. Qg4 Qxg4 22. Nxg4 h5 23. Ne3 Bb5 24. Nxd5 Kh7 25. b4 axb4 26. cxb4 Ba4 27. bxc5 Bxd1 28. Rxd1 bxc5 29. Be4+ g6 30. Bc2 Kg7 31. Bb3 Rc8 32. Rc1 Rfd8 33. Kg2 c4 34. Rxc4 Rxc4 35. Bxc4 Rc8 36.
Bb3 Rc1 37. Ne3 Rc3 38. e6 fxe6 39. Bxe6 Ra3 40. Bb3 Ra5 41. Kf3 Kf6 42. Nd5+ Kf5 43. Ne3+ Kf6 44. a4 g5 45. fxg5+ Kxg5 46. Nc4 Rf5+ 47.
Kg2 h4 48. a5 Rf6 49. h3 Kf4 50. Nb6 Rg6+ 51. Kf1 Kf3 52. Bd5+ Kf4 53. Bb7 Rd6 54.
Ke2 Re6+ 55. Kd3 Re1 56. a6 Ra1 57. Nc4 Ra2 58. Nd6 Rxf2 59. a7 Ra2 60. a8=Q Rxa8 61.
Bxa8 Kg3 62. Ke2 Kxh3 63. Kf1 Kg3 64. Kg1 h3 65. Kh1 h2 66. Bg2 Kf2 67. Kxh2 Ke3 68. Kg3 Kd4 69. Kf4 Kd3 70. Bf3 Kc3 71. Ke4 Kb4 72.
Kd4 Kb3 73. Ne4 Kc2 74. Be2 Kc1 75. Bc4 Kd1 76. Nc5 Kc2 77. Na4 Kd2 78. Bb3 Ke2 79. Nc5 Kf3 80. Bd1+ Kf4 81. Ne6+ Kf5 82. Kd5 Kf6 83. Nd4 Ke7 84. Ke5 Kd7 85. Bb3 Kc7 86. Nf5 Kb6 87. Ne3 Kb5 88. Nd5 Kc5 89. Bd1 Kc4 90. Ke4 Kc5 91. Ne3 Kb4 92. Kd4 Kb5 93. Nc2 Kc6 94. Bf3+ Kd6 95. Bd5 Ke7 96. Ke5 Kd7 97. Nd4 Kc7 98. Nb5+ Kb6 99. Nc3 Kc5 100. Ke4 Kb4 101. Kd4 Ka5 102. Bc4 Kb6 103. Nd5+ Kc6 104. Bd3 Kd6 105. Bb5 Ke6 106. Ke4 Kd6 107. Ba4 Kc5 108. Ke5 Kc4 109. Bd7 Kc5 110. Be6 Kc4 111. Nf4+ Kc5 112. Ne2 Kc6 113. Bb3 Kc5 114. Ke4 Kb4 115. Be6 Kc5 116. Ke5 Kb4 117. Kd4 1/2-1/2

[Event "*** SCC Grand Prix: Titled Tuesday Blitz"]
[Site "Chess.com"]
[Date "2020.09.08"]
[Round "6"]
[White "boasovietica"]
[Black "DishonorOnYourCow"]
[Result "1/2-1/2"]
[WhiteElo "2478"]
[BlackElo "2352"]
[TimeControl "180+1"]
[EndTime "11:11:12 PDT"]
[Termination "Game drawn by 50-move rule"]

1. e4 e5 2. Nf3 Nc6 3. Bb5 Nf6 4. d3 Bc5 5. O-O d6 6. c3 O-O 7. h3 a6 8. Ba4 Ba7 9. Be3 Ne7 10. Nbd2 b5 11.
Bc2 Ng6 12. Re1 Bxe3 13. Rxe3 Bb7 14. g3 Qd7 15. Kh2 Rfe8 16. a4 d5 17. Re1 Rad8 18. axb5 axb5 19. Nb3 Bc8 20. Ng1 h6 21. Qe2 Nh7 22.
Nc5 Qd6 23. b4 Ng5 24. f3 f5 25. Rad1 Qf6 26. Rf1 c6 27. Bb3 Kh7 28. Qg2 f4 29. g4 Nh4 30. Qf2 Nf7 31. Rfe1 g5 32. exd5 cxd5 33.
Re2 Re7 34. Bc2 Kh8 35. Rde1 Rde8 36. Ra1 e4 37. fxe4 Qxc3 38. Rae1 dxe4 39. dxe4 Ne5 40. Qf1 Nef3+ 41. Nxf3 Nxf3+ 42. Kh1 Nxe1 43. Qxe1 Qf3+ 44. Kh2 Qg3+ 45. Qxg3 fxg3+ 46. Kxg3 Kg7 47. Bd3 Rf8 48. Bxb5 Be6 49. Bd3 Rb8 50. Rb2 Bf7 51. b5 Re5 52.
Na6 Rb6 53. Nc7 Be8 54. Kf3 Re7 55. Na6 Rf7+ 56. Ke3 Rfb7 57. Nc5 Rb8 58. Na4 R6b7 59. Nc3 Rb6 60. Nd5 R6b7 61. b6 Bc6 62. Nb4 Rxb6 63. Nxc6 Rxb2 64. Nxb8 Rxb8 65. Kd4 Kf6 66. e5+ Ke7 67. Bc4 Rb4 68. Kd5 Rb2 69. Ke4 Rh2 70. Kf5 Rxh3 71. Kg6 Rg3 72. Kxh6 Rxg4 73. Bd5 Rg1 74.
Kg6 g4 75. Kg5 g3 76. Kf4 g2 77. Kg3 Re1 78. Bxg2 Rxe5 79. Kf4 Kf6 80. Be4 Ra5 81. Ke3 Ra4 82. Bd3 Rb4 83. Kd2 Ke5 84. Kc3 Rb7 85. Bc2 Rb8 86. Bb3 Rc8+ 87. Kb2 Kd4 88. Ka1 Rb8 89.
Ba2 Kc3 90. Bb1 Kd2 91. Ba2 Rb4 92. Bb1 Rh4 93. Ba2 Kc3 94. Bb1 Rh2 95. Ba2 Kb4 96.
Bb1 Ka3 97. Be4 Rf2 98. Bb1 Kb4 99. Ba2 Ka3 100. Bb1 Kb3 101. Be4 Rf1+ 102. Bb1 Rf8 103. Ba2+ Ka3 104. Bb1 Rb8 105. Bd3 Rb4 106. Bb1 Rb6 107. Bd3 Rd6 108. Bc2 Kb4 109. Kb2 Rd2 110. Kc1 Rh2 111. Kb2 Rg2 112. Kb1 Kc3 113. Bf5 Rb2+ 114. Ka1 Rb5 115. Bb1 Ra5+ 116. Ba2 Ra7 117. Kb1 Kd2 118. Kb2 Rb7+ 119. Ka1 Kc3 120. Bb1 Kb3 121. Ba2+ Ka3 122. Bb1 Rb2 123. Bd3 Rd2 124. Bb1 Rf2 125. Bd3 Kb4 126. Bb1 Kc3 127. Ba2 Rf1+ 128. Bb1 Kd2 1/2-1/2

[Event "*** SCC Grand Prix: Titled Tuesday Blitz"]
[Site "Chess.com"]
[Date "2020.09.08"]
[Round "7"]
[White "barriochess"]
[Black "OhanyanEminChess"]
[Result "1-0"]
[WhiteElo "2384"]
[BlackElo "2506"]
[TimeControl "180+1"]
[EndTime "11:12:54 PDT"]
[Termination "barriochess won by resignation"]

1. d4 Nf6 2. Bf4 c5 3. dxc5 Na6 4. Nc3 Nxc5 5. Nf3 d6 6. e3 g6 7. Bb5+ Bd7 8. Bxd7+ Qxd7 9. O-O Bg7 10. h3 Nce4 11.
Nxe4 Nxe4 12. c3 O-O 13. Qd5 Qb5 14. Qxb5 1-0

[Event "*** SCC Grand Prix: Titled Tuesday Blitz"]
[Site "Chess.com"]
[Date "2020.09.08"]
[Round "7"]
[White "teacher4chess"]
[Black "j_coca"]
[Result "0-1"]
[WhiteElo "2098"]
[BlackElo "2329"]
[TimeControl "180+1"]
[EndTime "11:13:12 PDT"]
[Termination "j_coca won by checkmate"]

1. d4 f5 2. Nc3 Nf6 3. Bg5 e6 4. e4 fxe4 5. Nxe4 Be7 6. Bd3 O-O 7.
Nxf6+ Bxf6 8. Bxf6 Qxf6 9. Nf3 Nc6 10. c3 e5 11. dxe5 Nxe5 12. Nxe5 Qxf2# 0-1

[Event "*** SCC Grand Prix: Titled Tuesday Blitz"]
[Site "Chess.com"]
[Date "2020.09.08"]
[Round "7"]
[White "ASVZ"]
[Black "tk22h"]
[Result "0-1"]
[WhiteElo "2507"]
[BlackElo "2390"]
[TimeControl "180+1"]
[EndTime "11:13:31 PDT"]
[Termination "tk22h won by resignation"]

1. e4 e5 2. Nf3 Nc6 3. Nc3 Nf6 4. Bb5 Bb4 5. O-O O-O 6. d3 Bxc3 7. bxc3 d6 8. Bg5 h6 9. Bh4 Qe7 10. Bxc6 bxc6 11. Rb1 Bg4 12. c4 Rab8 13. Rb3 Rb6 14. h3 Bxf3 15. Qxf3 g5 16. Bg3 Nd7 17. Qh5 Kg7 18. f3 Nf6 19. c5 Rxb3 20. cxd6 cxd6 21. Qxh6+ Kxh6 22. axb3 Nh5 0-1

[Event "*** SCC Grand Prix: Titled Tuesday Blitz"]
[Site "Chess.com"]
[Date "2020.09.08"]
[Round "7"]
[White "ViktoriyaTarasova"]
[Black "Yashasd1995"]
[Result "1-0"]
[WhiteElo "2260"]
[BlackElo "2647"]
[TimeControl "180+1"]
[EndTime "11:13:46 PDT"]
[Termination "ViktoriyaTarasova won by resignation"]

1. d4 Nf6 2. c4 e6 3. Nc3 c5 4. d5 exd5 5. cxd5 d6 6. Nf3 g6 7. Bf4 a6 8. a4 Bg7 9. h3 O-O 10. e3 Qe7 11. Nd2 Nbd7 12. Be2 Ne5 13. O-O Rb8 14.
Qc2 Bd7 15. a5 Bc8 16. Rfe1 b5 17. axb6 Rxb6 18. Bxe5 dxe5 19. Nc4 Rb8 20. e4 Ne8 21. Na5 Bd7 22. Bxa6 Nd6 23. Nc6 Bxc6 24. dxc6 Qc7 25. Nd5 1-0

[Event "*** SCC Grand Prix: Titled Tuesday Blitz"]
[Site "Chess.com"]
[Date "2020.09.08"]
[Round "7"]
[White "romulocardoso"]
[Black "PauloCesarCosta_sad"]
[Result "1/2-1/2"]
[WhiteElo "2047"]
[BlackElo "2272"]
[TimeControl "180+1"]
[EndTime "11:14:19 PDT"]
[Termination "Game drawn by agreement"]

1. e4 e6 2. d4 d5 3. exd5 exd5 4. c4 Nf6 5. Nc3 Bb4 6. Nf3 O-O 7. Bd3 Re8+ 8. Be3 Be6 9. c5 b6 10. a3 Bxc3+ 11.
bxc3 bxc5 12. dxc5 c6 13. O-O Nbd7 14. Qc2 h6 15. c4 Qa5 16. cxd5 Nxd5 17. Bd4 Rab8 18.
Ne5 Nxe5 19. Bxe5 Rb7 1/2-1/2

[Event "*** SCC Grand Prix: Titled Tuesday Blitz"]
[Site "Chess.com"]
[Date "2020.09.08"]
[Round "7"]
[White "Gorin_Leonid"]
[Black "kot60"]
[Result "1-0"]
[WhiteElo "2626"]
[BlackElo "2417"]
[TimeControl "180+1"]
[EndTime "11:14:53 PDT"]
[Termination "Gorin_Leonid won by resignation"]

1. e4 e5 2. Nf3 Nc6 3. Bb5 a6 4. Bxc6 dxc6 5. O-O f6 6. d4 exd4 7. Nxd4 Bd6 8. Qh5+ g6 9. Qf3 Qe7 10. Bf4 Be5 11. Rd1 h5 12. Qe3 Bd7 13. Bxe5 fxe5 14. Nf3 Bg4 15. Nbd2 Nf6 16. h3 Bxf3 17. Nxf3 O-O 18.
Qb3+ Kg7 19. Qxb7 Rab8 20. Qxa6 Rxb2 21. Qxc6 Rfb8 22. a4 R8b4 23. a5 Nxe4 24. Rd7 1-0

[Event "*** SCC Grand Prix: Titled Tuesday Blitz"]
[Site "Chess.com"]
[Date "2020.09.08"]
[Round "7"]
[White "gagtemp"]
[Black "MikeSailer"]
[Result "0-1"]
[WhiteElo "1950"]
[BlackElo "2109"]
[TimeControl "180+1"]
[EndTime "11:14:54 PDT"]
[Termination "MikeSailer won by resignation"]

1. e4 d5 2. exd5 Qxd5 3. d4 Nc6 4. Nf3 Bg4 5. Be2 Nf6 6. Be3 O-O-O 7. Nbd2 e5 8. dxe5 Nxe5 9. O-O h5 10. Nxe5 Qxe5 11.
Qe1 Bd6 12. g3 Bxe2 13. Qxe2 h4 14. Nf3 Qh5 15. Nxh4 Qxe2 0-1

[Event "*** SCC Grand Prix: Titled Tuesday Blitz"]
[Site "Chess.com"]
[Date "2020.09.08"]
[Round "7"]
[White "aliba25"]
[Black "Arjun2002"]
[Result "1/2-1/2"]
[WhiteElo "2569"]
[BlackElo "2723"]
[TimeControl "180+1"]
[EndTime "11:15:06 PDT"]
[Termination "Game drawn by repetition"]

1. d4 d5 2. c4 c6 3. Nf3 Nf6 4. e3 Bf5 5. Nc3 e6 6. Nh4 Be4 7. f3 Bg6 8. Qb3 Qc7 9. Bd2 Be7 10. g3 O-O 11. Nxg6 hxg6 12. Bd3 dxc4 13. Bxc4 b5 14.
Be2 a6 15. O-O c5 16. dxc5 Nbd7 17. Qc2 Bxc5 18. Kg2 Qb6 19. e4 Rac8 20. Rac1 Bd4 21. Qb1 Ne5 22. Bf4 Nc4 23. Rfd1 Be3 24. Bxc4 Bxc1 25.
Bxe6 Qxe6 26. Rxc1 Rfd8 27. Rd1 Qc4 28. e5 Nd5 29.
Ne4 Nxf4+ 30. gxf4 Qe2+ 31. Nf2 Rxd1 32. Qxd1 Rc2 33.
Qd8+ Kh7 34. Qh4+ Kg8 35. Qd8+ Kh7 36. Qh4+ Kg8 37. Qd8+ 1/2-1/2

[Event "*** SCC Grand Prix: Titled Tuesday Blitz"]
[Site "Chess.com"]
[Date "2020.09.08"]
[Round "7"]
[White "Cambek64"]
[Black "aljado"]
[Result "1-0"]
[WhiteElo "2271"]
[BlackElo "2083"]
[TimeControl "180+1"]
[EndTime "11:15:09 PDT"]
[Termination "Cambek64 won by resignation"]

1. e4 c5 2. Nc3 e6 3. d3 d5 4.
f4 Nc6 5. Nf3 Nf6 6. Be2 dxe4 7.
dxe4 Qxd1+ 8. Bxd1 Nd4 9. e5 Nd7 10. Nxd4 cxd4 11. Nb5 Kd8 12. Nxd4 Bc5 13. Be3 g5 14. g3 gxf4 15. gxf4 Rg8 16. Bf3 Rb8 17. Kf2 Ke7 18. Rad1 Bb6 19. c4 Nc5 20. b4 Na4 21. c5 Bc7 22. Nb5 Bd8 23. Rd2 b6 24. Nxa7 bxc5 25.
Nc6+ 1-0

[Event "*** SCC Grand Prix: Titled Tuesday Blitz"]
[Site "Chess.com"]
[Date "2020.09.08"]
[Round "7"]
[White "winniethepooh04"]
[Black "Chessdemon2019"]
[Result "0-1"]
[WhiteElo "2222"]
[BlackElo "2393"]
[TimeControl "180+1"]
[EndTime "11:15:17 PDT"]
[Termination "Chessdemon2019 won by resignation"]

1. e4 c5 2. Nf3 d6 3. d4 cxd4 4. Nxd4 Nf6 5. Nc3 a6 6. a4 e5 7.
Nb3 Be6 8. Bd3 Nbd7 9. O-O Be7 10. Be3 O-O 11. f3 Qc7 12. Qe2 d5 13. exd5 Nxd5 14.
Nxd5 Bxd5 15. Rac1 Nc5 16. Nxc5 Bxc5 17. Qf2 Bxe3 18.
Qxe3 f6 19. f4 exf4 20. Rxf4 Rfe8 21. Qd4 Rad8 22. Qb4 Bf7 23. Rh4 Rxd3 24. c3 b6 25. Rf1 Qc5+ 0-1

[Event "*** SCC Grand Prix: Titled Tuesday Blitz"]
[Site "Chess.com"]
[Date "2020.09.08"]
[Round "7"]
[White "Nikithebest"]
[Black "Larina_Marija"]
[Result "1-0"]
[WhiteElo "2444"]
[BlackElo "2102"]
[TimeControl "180+1"]
[EndTime "11:15:21 PDT"]
[Termination "Nikithebest won on time"]

1. e4 c6 2. d4 d5 3. f3 g6 4. Nc3 Bg7 5. Be3 a6 6. Qd2 b5 7. O-O-O b4 8. Na4 Qa5 9. b3 Nd7 10. a3 Rb8 11. Bf4 1-0

[Event "*** SCC Grand Prix: Titled Tuesday Blitz"]
[Site "Chess.com"]
[Date "2020.09.08"]
[Round "7"]
[White "AliKa2810"]
[Black "Xeniya2005"]
[Result "1-0"]
[WhiteElo "2569"]
[BlackElo "2398"]
[TimeControl "180+1"]
[EndTime "11:15:22 PDT"]
[Termination "AliKa2810 won by resignation"]

1. d4 Nf6 2. c4 b6 3. f3 Nc6 4. Nc3 Bb7 5. d5 Ne5 6. e4 d6 7.
f4 Ned7 8. Nf3 e6 9. Be2 exd5 10. cxd5 Nc5 11. Bb5+ Nfd7 12. O-O a6 13. Bc6 Bxc6 14. dxc6 Nb8 15. b4 Ne6 16. f5 Nxc6 17. fxe6 f6 18. Nd5 Na7 19. Be3 Be7 20. Rc1 Rc8 21. Qa4+ 1-0

[Event "*** SCC Grand Prix: Titled Tuesday Blitz"]
[Site "Chess.com"]
[Date "2020.09.08"]
[Round "7"]
[White "NotFischer"]
[Black "NiranjanNavalgund"]
[Result "1-0"]
[WhiteElo "2259"]
[BlackElo "2433"]
[TimeControl "180+1"]
[EndTime "11:15:33 PDT"]
[Termination "NotFischer won by resignation"]

1. e4 e5 2. Bc4 Qe7 3. Nc3 c6 4. d3 d6 5. Nge2 Nf6 6. a4 Be6 7. O-O Nbd7 8. Bg5 h6 9. Bd2 g5 10. Ng3 Bg7 11. b4 d5 12. exd5 cxd5 13. Bb3 d4 14. Nce4 Nd5 15. Bxd5 Bxd5 16. Nf5 Qf8 17. Ned6+ Kd8 18. c4 Bc6 19. b5 Bxg2 20. Kxg2 Bf6 21. Qf3 Be7 22. Qxb7 Bxd6 23. Qxa8+ Bb8 24. Ba5+ Ke8 25.
Bc7 f6 26. Bxb8 Kf7 27. Qd5+ Kg6 28. Qxd7 Qxb8 29. Ne7+ Kh7 30. Nc6+ Kg6 31. Nxb8 Rxb8 1-0

[Event "*** SCC Grand Prix: Titled Tuesday Blitz"]
[Site "Chess.com"]
[Date "2020.09.08"]
[Round "7"]
[White "HouseOfDurin"]
[Black "CalinGheorghiu"]
[Result "1-0"]
[WhiteElo "2139"]
[BlackElo "2329"]
[TimeControl "180+1"]
[EndTime "11:15:37 PDT"]
[Termination "HouseOfDurin won by resignation"]

1. d4 Nf6 2. Bg5 e6 3. e4 h6 4. Bxf6 Qxf6 5. e5 Qd8 6. f4 d6 7. Nf3 b6 8. Bb5+ c6 9. Bd3 Bb7 10. O-O Nd7 11. f5 exf5 12. Bxf5 dxe5 13. Bxd7+ Qxd7 14. Nxe5 Qd5 15. Nxf7 Rg8 16. Nc3 Qd7 17. Ne5 Qe6 18. Qh5+ Kd8 19. Rae1 Kc7 20. Rf7+ Kc8 21. Nf3 1-0

[Event "*** SCC Grand Prix: Titled Tuesday Blitz"]
[Site "Chess.com"]
[Date "2020.09.08"]
[Round "7"]
[White "Snegokhod"]
[Black "Oglob71"]
[Result "1-0"]
[WhiteElo "2388"]
[BlackElo "2506"]
[TimeControl "180+1"]
[EndTime "11:15:38 PDT"]
[Termination "Snegokhod won by checkmate"]

1. e4 c5 2. Nf3 e6 3. d3 Nc6 4.
g3 Nf6 5. Bg2 d5 6. Nbd2 Be7 7.
O-O O-O 8. e5 Nd7 9. Re1 Qc7 10.
Qe2 b5 11. h4 Bb7 12. Nf1 Rfc8 13. Bf4 b4 14. Ne3 Nd4 15. Qd1 Nxf3+ 16. Bxf3 a5 17. Nxd5 Bxd5 18. Bxd5 exd5 19. e6 Ne5 20. exf7+ Kf8 21.
Rxe5 Bd6 22. Rf5 Bxf4 23. Rxf4 Qd6 24. Qh5 h6 25. Re1 a4 26. Rf5 Rd8 27. Rfe5 g6 28.
Qxh6+ Kxf7 29. Re7+ Kf6 30. Qg5# 1-0

[Event "*** SCC Grand Prix: Titled Tuesday Blitz"]
[Site "Chess.com"]
[Date "2020.09.08"]
[Round "7"]
[White "CaspiIsrael"]
[Black "Gvetadze"]
[Result "0-1"]
[WhiteElo "2643"]
[BlackElo "2473"]
[TimeControl "180+1"]
[EndTime "11:15:41 PDT"]
[Termination "Gvetadze won by checkmate"]

1. e4 c5 2. Nf3 g6 3. d4 cxd4 4. Nxd4 Bg7 5. Nc3 Nc6 6. Be3 Nf6 7. Bc4 Na5 8. Be2 O-O 9. Qd2 d5 10. e5 Ne4 11. Nxe4 dxe4 12. Bf4 Qb6 13. O-O-O Nc6 14.
Nxc6 bxc6 15. Qd4 Qa5 16. Bc4 Be6 17. Qxe4 Rab8 18. Bxe6 fxe6 19. a3 Rxf4 20. Qxc6 Qxe5 21. c3 Rxf2 22. Rhe1 Qf4+ 23. Kb1 Rbxb2+ 24. Ka1 Ra2+ 25. Kb1 Rfb2# 0-1

[Event "*** SCC Grand Prix: Titled Tuesday Blitz"]
[Site "Chess.com"]
[Date "2020.09.08"]
[Round "7"]
[White "Andrii_Prydun"]
[Black "SophieNikoladze"]
[Result "1-0"]
[WhiteElo "2408"]
[BlackElo "2248"]
[TimeControl "180+1"]
[EndTime "11:15:46 PDT"]
[Termination "Andrii_Prydun won by resignation"]

1. d4 b5 2. a4 b4 3. c3 e6 4. e4 c5 5. Nf3 Bb7 6. d5 Nf6 7. Bc4 exd5 8. exd5 Bd6 9. Bg5 O-O 10. O-O h6 11. Bh4 g5 12. Nxg5 hxg5 13. Bxg5 Kg7 14.
Nd2 Rh8 15. h3 Rh5 16. Qxh5 Nxh5 17. Bxd8 Na6 18. Ne4 Be5 19. Bg5 f5 20. Ng3 Nxg3 21. fxg3 bxc3 22. bxc3 Bxc3 23. Rac1 Bd4+ 24. Kh2 Rf8 25.
g4 Kg6 26. Be7 Re8 27. gxf5+ Kf7 28. d6+ Kg7 29. f6+ 1-0

[Event "*** SCC Grand Prix: Titled Tuesday Blitz"]
[Site "Chess.com"]
[Date "2020.09.08"]
[Round "7"]
[White "pavlitas17"]
[Black "parnali1611"]
[Result "1-0"]
[WhiteElo "2371"]
[BlackElo "2167"]
[TimeControl "180+1"]
[EndTime "11:15:51 PDT"]
[Termination "pavlitas17 won by resignation"]

1. d4 d5 2. c4 e6 3. Nc3 Nf6 4. Nf3 Bb4 5. Qa4+ Nc6 6. Bd2 a5 7. e3 O-O 8. a3 Bxc3 9. Bxc3 Bd7 10. Qc2 Ne4 11. Bd3 f5 12. O-O a4 13. Ne5 Nxe5 14. dxe5 c6 15. f3 Nxc3 16. Qxc3 g5 17.
e4 dxe4 18. fxe4 f4 19. Be2 Be8 20. Rad1 Qe7 21. Rd6 h5 22. c5 Kg7 23. Bc4 Bf7 24.
Rfd1 Rad8 25. Qd4 Ra8 26. Rd7 Qe8 27. Qd6 g4 28. Qc7 Rc8 29. Qxb7 Rb8 30. Qc7 Rxb2 31. Re7 Qa8 32. Bxe6 Rb7 33. Qd6 Rxe7 34. Qxe7 Qa5 35. Qg5+ Kh7 36. Bf5+ Kh8 37. Qh6+ 1-0

[Event "*** SCC Grand Prix: Titled Tuesday Blitz"]
[Site "Chess.com"]
[Date "2020.09.08"]
[Round "7"]
[White "sodastream007"]
[Black "KiranManisha"]
[Result "1-0"]
[WhiteElo "2552"]
[BlackElo "2290"]
[TimeControl "180+1"]
[EndTime "11:16:00 PDT"]
[Termination "sodastream007 won by checkmate"]

1. d4 Nf6 2. c4 g6 3. Nc3 d5 4. cxd5 Nxd5 5. e4 Nxc3 6. bxc3 Bg7 7. Bc4 O-O 8. Ne2 c5 9. h4 h5 10. Be3 Nc6 11. Rb1 Na5 12. Bb5 a6 13. Bd3 b5 14.
f4 Bg4 15. O-O Rc8 16. e5 cxd4 17. cxd4 Nc4 18. Bf2 e6 19. a4 Qd5 20. axb5 axb5 21. Qe1 Na3 22. Rc1 Rxc1 23. Qxc1 b4 24. Qb2 Rb8 25. Rc1 Bf8 26. Nc3 Qa8 27. Ne4 Qa4 28. d5 b3 29. d6 Bf5 30. Nf6+ Kg7 31. Bxf5 exf5 32. e6 fxe6 33. Rc7+ Kh8 34. Rh7# 1-0

[Event "*** SCC Grand Prix: Titled Tuesday Blitz"]
[Site "Chess.com"]
[Date "2020.09.08"]
[Round "7"]
[White "juancruzarias"]
[Black "Hasangatin_Ramil"]
[Result "1/2-1/2"]
[WhiteElo "2457"]
[BlackElo "2582"]
[TimeControl "180+1"]
[EndTime "11:16:08 PDT"]
[Termination "Game drawn by agreement"]

1. e4 d5 2. exd5 Qxd5 3. Nf3 Bg4 4. Be2 Nc6 5. d4 O-O-O 6. Be3 e5 7. c4 Qa5+ 8. Bd2 Qa6 9. d5 Bxf3 10. Bxf3 Nd4 11. O-O Qxc4 12. Nc3 Nf6 13. Rc1 Nxf3+ 14. Qxf3 Qg4 15.
Qd3 Bd6 16. h3 Qd4 17. Qf5+ Kb8 18. Be3 Qb4 19. a3 Qb3 20. Rfd1 e4 21. Nxe4 Nxe4 22.
Qxe4 Rhe8 23. Qxh7 Rxe3 24. fxe3 Qxe3+ 25. Kh1 Qg3 26. Kg1 1/2-1/2

[Event "*** SCC Grand Prix: Titled Tuesday Blitz"]
[Site "Chess.com"]
[Date "2020.09.08"]
[Round "7"]
[White "Shubinkirill2003"]
[Black "KarstenHansch"]
[Result "1-0"]
[WhiteElo "2642"]
[BlackElo "2472"]
[TimeControl "180+1"]
[EndTime "11:16:16 PDT"]
[Termination "Shubinkirill2003 won by resignation"]

1. e4 c6 2. d4 d5 3. exd5 cxd5 4. Bd3 Nc6 5. c3 Nf6 6. Bf4 Bg4 7. Qb3 Qd7 8. Nd2 e6 9. Ngf3 Bd6 10. Bxd6 Qxd6 11.
O-O O-O 12. Rfe1 Ne7 13. Ne5 Bf5 14. Qd1 b5 15. Bxb5 Rfb8 16. Bd3 Rxb2 17. Nb3 a5 18.
Bxf5 Nxf5 19. Nd3 Qa3 20. Nxb2 Qxb2 21. Qc1 Qxc1 22. Raxc1 a4 23. Nc5 Nd6 24. f3 h5 25.
Rb1 g6 26. Rb4 a3 27. Reb1 Nc4 28. Rb8+ Rxb8 29. Rxb8+ Kg7 30. Rb7 Kf8 31. Ra7 Ne8 32. Nd7+ Kg7 33. Ne5 Ned6 34. Nxc4 Nxc4 35. Kf2 Kf6 36.
g3 g5 37. Ke2 Kg6 38. Ra8 f5 39.
h4 gxh4 40. gxh4 Kg7 41. Re8 Kf7 42. Rh8 Kg7 43. Rxh5 Nd6 44. Rg5+ Kf7 45. Rg1 f4 46. Rg4 Nb5 47. Kd3 1-0

[Event "*** SCC Grand Prix: Titled Tuesday Blitz"]
[Site "Chess.com"]
[Date "2020.09.08"]
[Round "7"]
[White "Guenplen"]
[Black "Dr-Bassem"]
[Result "1-0"]
[WhiteElo "2908"]
[BlackElo "2770"]
[TimeControl "180+1"]
[EndTime "11:16:19 PDT"]
[Termination "Guenplen won by resignation"]

1. d4 f5 2. Nf3 Nf6 3. Bf4 e6 4. e3 Be7 5. h3 O-O 6. Be2 b6 7.
O-O Bb7 8. c4 Ne4 9. Nfd2 d6 10.
Nxe4 fxe4 11. Nc3 Qe8 12. Bh5 g6 13. Bg4 Bf6 14. d5 exd5 15. Nxd5 Na6 16. b4 Bg7 17. b5 Bxa1 18. bxa6 Bxa6 19. Nxc7 Qc6 20. Be6+ 1-0

[Event "*** SCC Grand Prix: Titled Tuesday Blitz"]
[Site "Chess.com"]
[Date "2020.09.08"]
[Round "7"]
[White "bratkoo"]
[Black "Violord"]
[Result "0-1"]
[WhiteElo "2492"]
[BlackElo "2681"]
[TimeControl "180+1"]
[EndTime "11:16:19 PDT"]
[Termination "Violord won by resignation"]

1. e4 c6 2. d4 d5 3. e5 Bf5 4. Nf3 e6 5. Be2 Nd7 6. O-O Ne7 7. Nbd2 h6 8. Nb3 Qc7 9. a4 g5 10. a5 Bg7 11. c4 O-O 12. Be3 f6 13. exf6 Rxf6 14.
Rc1 Raf8 15. a6 b6 16. cxd5 exd5 17. Re1 Ng6 18. Nbd2 g4 19. Ne5 Ndxe5 20. dxe5 Nxe5 21. Nf1 Qf7 22. Ng3 Bc8 23. Bd4 Rf4 24. Bf1 Rxd4 25. Qxd4 Nf3+ 26. gxf3 Bxd4 27. Rxc6 Bxf2+ 28. Kxf2 Qxf3+ 29. Kg1 Qf2+ 30. Kh1 Qxe1 0-1

[Event "*** SCC Grand Prix: Titled Tuesday Blitz"]
[Site "Chess.com"]
[Date "2020.09.08"]
[Round "7"]
[White "Caracternin123"]
[Black "Infernal_XaM"]
[Result "1-0"]
[WhiteElo "2713"]
[BlackElo "2889"]
[TimeControl "180+1"]
[EndTime "11:16:21 PDT"]
[Termination "Caracternin123 won by resignation"]

1. d4 Nf6 2. Nf3 b6 3. g3 Bb7 4. Bg2 c5 5. O-O cxd4 6. Nxd4 Bxg2 7. Kxg2 e5 8. Nf3 Nc6 9. c4 d5 10. Qa4 Qd7 11. cxd5 Nxd5 12. Rd1 Rc8 13. e4 b5 14. Qb3 Ncb4 15. Nc3 a5 16. Nxd5 a4 17. Qe3 Nc2 18. Qd3 Qb7 19. Rb1 f6 20. Bd2 1-0

[Event "*** SCC Grand Prix: Titled Tuesday Blitz"]
[Site "Chess.com"]
[Date "2020.09.08"]
[Round "7"]
[White "GM_LOADING"]
[Black "fighter2jz"]
[Result "0-1"]
[WhiteElo "2550"]
[BlackElo "2723"]
[TimeControl "180+1"]
[EndTime "11:16:24 PDT"]
[Termination "fighter2jz won by resignation"]

1. e4 c5 2. Nf3 d6 3. d4 cxd4 4.
Nxd4 Nf6 5. Nc3 a6 6. Be2 e5 7. Nf3 Be7 8. O-O O-O 9. Bg5 Nbd7 10. a4 h6 11. Bh4 b6 12. Nd2 Bb7 13. Nc4 Nxe4 14. Bxe7 Qxe7 15. Nxe4 Bxe4 16. Nxd6 Bxc2 17. Qxc2 Qxd6 18. Rfd1 Qc5 19. Qxc5 Nxc5 20. Rd6 Nb3 21. Rad1 Nd4 22. Bf3 Rad8 23. Rxd8 Rxd8 24. Rc1 f5 25.
Bb7 Ne2+ 0-1

[Event "*** SCC Grand Prix: Titled Tuesday Blitz"]
[Site "Chess.com"]
[Date "2020.09.08"]
[Round "7"]
[White "XiaoKangZhong"]
[Black "Agibileg"]
[Result "0-1"]
[WhiteElo "2435"]
[BlackElo "2584"]
[TimeControl "180+1"]
[EndTime "11:16:31 PDT"]
[Termination "Agibileg won by resignation"]

1. e4 c5 2. c3 d5 3. exd5 Qxd5 4.
d4 Nf6 5. Nf3 e6 6. Be3 Nc6 7. dxc5 Qxd1+ 8. Kxd1 Ng4 9. b4 Nxe3+ 10. fxe3 a5 11. Bb5 axb4 12. cxb4 Bd7 13. Bxc6 Bxc6 14.
Nbd2 b6 15. Nd4 Bxg2 16. Rg1 Bd5 17. Nb5 Kd7 18. cxb6 Kc6 19. Nc7 Rxa2 20. Rxa2 Bxa2 21. Na8 Kb7 22. Ke2 Bxb4 23. Nc7 Kxb6 24. Rc1 Rd8 25. Ne4 Rc8 26. Nd5+ exd5 27. Rxc8 dxe4 28. Rh8 g6 29. Rxh7 Bc4+ 30. Kf2 Be7 31. h4 Kc6 32. h5 gxh5 33.
Rxh5 Kd6 34. Ke1 Ke6 35. Ra5 Bb4+ 0-1

[Event "*** SCC Grand Prix: Titled Tuesday Blitz"]
[Site "Chess.com"]
[Date "2020.09.08"]
[Round "7"]
[White "peixe64"]
[Black "IroniaSudby"]
[Result "0-1"]
[WhiteElo "2350"]
[BlackElo "2507"]
[TimeControl "180+1"]
[EndTime "11:16:37 PDT"]
[Termination "IroniaSudby won by checkmate"]

1. e4 e5 2. Nf3 Nf6 3. Nxe5 d6 4. Nf3 Nxe4 5. Nc3 Nxc3 6. dxc3 Be7 7. Be3 O-O 8. Qd2 Nd7 9. O-O-O Nc5 10. h4 Rb8 11. h5 b5 12. h6 g6 13. Kb1 a5 14. Bd3 b4 15. c4 Na4 16. Bd4 c5 17. Bg7 Bf6 18.
Qc1 Bg4 19. Bxf6 Qxf6 20. Ka1 Bxf3 21. gxf3 Rfe8 22. Be4 Nb6 23. Rdg1 Nxc4 24. Rg3 a4 25. Bd5 Nb6 26. Bc6 a3 27. Bxe8 Nc4 28. Kb1 axb2 29.
Bxf7+ Kxf7 30. Qg5 Na3# 0-1